 Dungeon Crawl Stone Soup version 0.31-a0-1074-g0b22e4e0f1 (webtiles) character file.

Game seed: 13796747412994011869

79 croobank the Ruffian (level 4, -4/29 HPs)
             Began as an Octopode Shapeshifter on Dec 7, 2023.
             Slain by a gnoll
             ... wielding a +0 whip
              (6 damage)
             ... on level 2 of the Dungeon.
             The game lasted 00:02:47 (1854 turns).

croobank the Ruffian (Octopode Shapeshifter)        Turns: 1854, Time: 00:02:48

Health: -4/29      AC:  1    Str: 13    XL:     4   Next: 37%
Magic:  4/4        EV: 13    Int: 14    God:
Gold:   63         SH:  0    Dex: 11    Spells: 3/3 levels left

rFire   . .          .
                       - Unarmed
rCold   . . .        (no shield)
rNeg    . . .        (helmet currently unavailable)
rPois   +            (no amulet)
rElec   .            m - ring of poison resistance
rCorr   .            (no ring)
SInv    .            (no ring)
Will    .....        (no ring)
Stlth   ++           (no ring)
HPRegen 0.24/turn    (no ring)
MPRegen 0.09/turn    (no ring)
                     (no ring)

%: no passive effects
@: lethally poisoned (-4 -> -5), beast-form
A: beast (slay +2), almost no armour, amphibious, 8 rings, camouflage 1,
gelatinous body 1, (nimble swimmer 1), tentacles
a: Begin Untransformation


You were on level 2 of the Dungeon.
You were a hulking beast.
You visited 1 branch of the dungeon, and saw 2 of its levels.

You collected 63 gold pieces.

Inventory:

Hand Weapons
 k - a +1 short sword
Missiles
 j - 4 boomerangs (quivered)
Armour
 l - a +2 kite shield
Jewellery
 m - a ring of poison resistance (left tentacle)
Talismans
 b - a beast talisman
 c - a flux talisman
Scrolls
 g - a scroll of brand weapon {unknown}
 i - a scroll of enchant weapon
 n - a scroll of identify {unknown}
 o - a scroll of revelation {unknown}
Potions
 a - a potion of lignification
 d - a potion of enlightenment {unknown}
 e - 2 potions of brilliance {unknown}
 f - a potion of magic {unknown}
 h - 2 potions of berserk rage {unknown}
 p - a potion of heal wounds {unknown}


   Skills:
 + Level 2.1 Fighting
 + Level 2.8 Dodging
 + Level 3.6 Unarmed Combat
 + Level 3.5 Shapeshifting


You had 3 spell levels left.
You didn't know any spells.
Your spell library was empty.

Dungeon Overview and Level Annotations

Branches:
Dungeon (2/15)

Altars:
Sif Muna


Innate Abilities, Weirdness & Mutations

You are a hulking beast.
Your limbs bulge with bestial killing power. (Slay +2)
You cannot wear most types of armour.
You are amphibious.
You can wear up to eight rings at the same time.
Your skin changes colour to match your surroundings (Stealth+).
Your rubbery body absorbs attacks. (AC +1, EV +1)
((You are camouflaged when in or above water. (Stealth+)))
You have tentacles for arms and can constrict up to eight enemies at once.


Message History

Aim: a gnoll, wielding a +2 spear of venom (60% to hit)
You throw a boomerang. The boomerang barely misses the gnoll.
Throw: 4 boomerangs
Press: ? - help, Q - select action Shift-Dir - straight line, f/p - gnoll
Aim: a gnoll, wielding a +2 spear of venom (60% to hit)
You throw a boomerang. The boomerang closely misses the gnoll.
The gnoll shouts!
The boomerang hits the gnoll.
The gnoll is moderately wounded.
Throw: 4 boomerangs
Press: ? - help, Q - select action Shift-Dir - straight line, f/p - gnoll
Aim: a gnoll, wielding a +2 spear of venom (60% to hit)
You throw a boomerang. The boomerang hits the gnoll.
The gnoll is moderately wounded.
Throw: 4 boomerangs
Press: ? - help, Q - select action Shift-Dir - straight line, f/p - gnoll
Aim: a gnoll, wielding a +2 spear of venom (moderately wounded, 60% to hit)
You throw a boomerang. The boomerang closely misses the gnoll.
The boomerang hits the gnoll but does no damage.
The gnoll is moderately wounded.
The gnoll hits you from afar with a +2 spear of venom!
You are poisoned.
You feel sick.
The gnoll hits you from afar with a +2 spear of venom!
You feel sick.
You feel sick.
Throw: 4 boomerangs
Press: ? - help, Q - select action Shift-Dir - straight line, f/p - gnoll
Aim: a gnoll, wielding a +2 spear of venom (moderately wounded, 60% to hit)
You throw a boomerang. The boomerang hits the gnoll.
The gnoll is heavily wounded.
You feel sick.
The gnoll hits you from afar with a +2 spear of venom.
* * * LOW HITPOINT WARNING * * *
The gnoll barely misses you.
You tentacle-slap the gnoll. Your grab misses the gnoll.
The gnoll is heavily wounded.
* * * LOW HITPOINT WARNING * * *
You feel sick. The gnoll hits you with a +0 whip.
You die...

### #<# ###################.#
..................#.#
#################.#.#
#....†.....######)#.#
#.#..........[..h.#.#
#.#.######.######g#.#
.................g#.#
..#.######.###....#.#
###.######.###....#.#
..................#.#
###.######.......##.##
#...#......._........############
#........................).......


You could see 2 gnolls.

Vanquished Creatures
  3 adders (D:2)
  2 gnolls (D:2)
  A dart slug (D:2)
  5 endoplasms
  A giant cockroach (D:1)
  A goblin (D:1)
  5 hobgoblins
  4 kobolds
  2 quokkas (D:1)
  2 ball pythons
  3 bats
  3 frilled lizards
  A rat (D:1)
33 creatures vanquished.

Notes
Turn   | Place    | Note
-------+----------+-------------------------------------------
     0 | D:1      | croobank the Octopode Shapeshifter began the quest for the
                  | Orb.
     0 | D:1      | Reached XP level 1. HP: 13/13 MP: 1/1
    89 | D:1      | Found a faded altar of an unknown god.
   166 | D:1      | Reached XP level 2. HP: 15/18 MP: 2/2
   969 | D:2      | Reached XP level 3. HP: 21/23 MP: 3/3
  1115 | D:2      | Found a shimmering blue altar of Sif Muna.
  1258 | D:2      | Reached XP level 4. HP: 29/29 MP: 4/4
  1854 | D:2      | Slain by a gnoll

Illustrated notes

Levels and vault maps discovered:
D:1:      kennysheep_arrival_seaside, layout_basic,
          hellmonk_ecumenical_altar_heavens_door
D:2:      layout_basic, basic_altar, uniq_terence

Skill      XL: |  1  2  3  4 |
---------------+-------------+-----
Fighting       | 2 |  2.1
Dodging        | |  2.8
Unarmed Combat | |  3.6
Shapeshifting  | |  3.5

Action                     |  1- 3 |  4- 6 || total
---------------------------+-------+-------++-------
  Melee: Unarmed           |    57 |    16 ||    73
         Constrict         |    14 |     3 ||    17
         Tentacles         |    13 |     5 ||    18
         Punch             |     1 |       ||     1
  Throw: Boomerang         |       |     5 ||     5
    Use: Scroll            |     3 |       ||     3
   Stab: Sleeping          |     8 |       ||     8
 Armour: Skin              |    15 |     9 ||    24
  Dodge: Dodged            |    47 |    10 ||    57

Table legend: (Time is in decaauts)
 A = Elapsed time spent in this place.
 B = Non-inter-level travel time spent in this place.
 C = Inter-level travel time spent in this place.
 D = Time resting spent in this place.
 E = Time spent auto-exploring this place.
 F = Levels seen in this place.
 G = Mean time per level.
                   A        B        C        D        E       F      G
               +--------+--------+--------+--------+--------+-----+--------+
         Total |   1849 |   1797 |     52 |    226 |   1239 |   2 |  924.5 |
       Dungeon |   1849 |   1797 |     52 |    226 |   1239 |   2 |  924.5 |
               +--------+--------+--------+--------+--------+-----+--------+

Top non-repeatable levels by time:
     D:1: 1112 daAuts
     D:2: 737 daAuts
